Map: King's Cove LE

Players

SortOf - Winner!

  • Race: Zerg Zerg
  • League: Master
  • Spawn Location: 11:00

SouLeer

  • Race: Zerg Zerg
  • Spawn Location: 5:00

Event: HomeStory Cup XIX

VOD

Have the link to the VOD?

Description

Time

  • Played on: June 27, 2019, 2:19 p.m.
  • Length: 7:35

All games in this series

Show
View Real Time Build Order
Export as new Build Order

SortOf Zerg - Winner!

Build Orders: Hatch First 

Get SALT Encoding   

  12  0:01  Drone  
  13  0:13  Overlord  
  13  0:18  Drone  
  14  0:32  Drone x2  
  16  0:51  Hatchery  
  16  0:53  Drone  
  16  0:57  Drone  
  16  1:00  Drone  
  18  1:14  Extractor  
  18  1:16  Spawning Pool  
  16  1:19  Drone  
  16  1:23  Drone  
  18  1:28  Drone  
  20  1:40  Drone  
  20  2:02  Queen x2  
  20  2:03  Zergling x6  
  27  2:11  Overlord  
  27  2:15  Drone  
  28  2:17  Metabolic Boost  
  28  2:30  Zergling x4  
  28  2:34  Zergling x2  
  28  2:37  Drone  
  32  2:47  Overlord  
  32  2:57  Drone x3  
  34  2:59  Hatchery  
  33  3:08  Baneling Nest, Drone x2  
  33  3:12  Zergling x2  
  35  3:14  Drone  
  35  3:15  Drone  
  37  3:20  Drone  
  37  3:24  Zergling x4  
  37  3:27  Zergling x2  
  41  3:36  Overlord  
  41  3:40  Zergling x4  
  43  3:49  Overlord  
  43  3:53  Baneling, Queen  
  43  3:54  Baneling  
  45  3:55  Drone  
  45  3:56  Drone x2  
  45  4:01  Drone  
  49  4:05  Baneling x2  
  49  4:07  Drone x2  
  50  4:13  Queen  
  50  4:15  Evolution Chamber  
  51  4:20  Drone  
  51  4:21  Drone  
  52  4:26  Zergling x2  
  52  4:27  Zergling x8  
  52  4:30  Zergling x2  
  56  4:34  Zergling x6  
  58  4:42  Zergling x6  
  58  4:43  Zergling x2  
  62  4:47  Zergling x4  
  62  5:00  Zergling x4  
  62  5:01  Zergling x2  
  62  5:05  Baneling x7  
  63  5:13  Zergling x2  
  62  5:16  Drone x4  
  66  5:29  Overlord  
  66  5:30  Extractor x2, Queen  
  66  5:31  Roach Warren  
  66  5:32  Drone  
  66  5:34  Baneling x2  
  65  5:47  Drone x9  
  67  5:54  Baneling x2  
  67  5:55  Baneling  
  67  5:59  Extractor  
  67  6:00  Zergling x10  
  68  6:14  Baneling x3  
  68  6:16  Overlord, Queen  
  68  6:17  Drone x4  
  73  6:30  Overlord  
  73  6:32  Lair  
  72  6:33  Overlord  
  72  6:36  Roach x5  
  72  6:37  Baneling  
  81  6:44  Queen  
  81  6:48  Overlord  
  81  6:49  Overlord  
  81  6:50  Roach  
  81  6:52  Queen  
  86  6:54  Drone x2  
  86  7:00  Roach  
  86  7:01  Roach x2  
  93  7:03  Roach  
  93  7:05  Roach  
  93  7:07  Roach  
  91  7:09  Baneling  
  91  7:11  Roach  
  91  7:15  Roach x2  
  90  7:21  Baneling x2  
Show
View Real Time Build Order
Export as new Build Order

SouLeer Zerg 

Build Orders: Hatch First 

Get SALT Encoding   

  12  0:01  Drone  
  13  0:13  Overlord  
  13  0:18  Drone  
  14  0:31  Drone x2  
  16  0:49  Hatchery  
  15  0:53  Drone  
  17  0:57  Drone  
  17  1:00  Drone  
  18  1:10  Extractor  
  17  1:16  Spawning Pool  
  16  1:19  Drone  
  16  1:23  Drone  
  18  1:29  Drone  
  19  1:39  Overlord  
  19  2:02  Queen x2  
  19  2:03  Zergling x4  
  19  2:04  Zergling x2  
  26  2:13  Metabolic Boost  
  26  2:16  Drone  
  26  2:19  Drone  
  28  2:26  Drone x2  
  30  2:33  Drone x2  
  32  2:45  Drone x2  
  34  2:56  Zergling x2  
  34  3:03  Baneling Nest  
  34  3:04  Zergling x2  
  34  3:09  Overlord  
  34  3:10  Hatchery  
  33  3:14  Drone x2  
  33  3:16  Drone  
  36  3:24  Overlord  
  36  3:29  Drone  
  36  3:30  Zergling x4  
  36  3:31  Zergling x2  
  40  3:35  Zergling x2  
  40  3:38  Zergling x2  
  41  3:43  Zergling x4  
  41  3:46  Zergling x2  
  41  3:47  Zergling x4  
  41  3:48  Zergling x2  
  46  3:51  Zergling x2  
  47  3:57  Baneling  
  47  3:58  Baneling  
  47  4:00  Zergling x4  
  48  4:05  Baneling x2  
  48  4:06  Hatchery  
  48  4:08  Zergling x4  
  49  4:12  Evolution Chamber  
  49  4:14  Zergling x2  
  49  4:15  Baneling  
  49  4:17  Zergling x4  
  49  4:21  Overlord  
  50  4:28  Zergling x2  
  50  4:29  Zergling x4  
  51  4:44  Zergling x4  
  51  4:45  Zergling x4  
  54  4:50  Zergling x2  
  52  4:59  Zergling x6  
  53  5:06  Zergling x4  
  54  5:09  Queen  
  54  5:10  Zergling x2  
  54  5:13  Zergling x2  
  54  5:16  Baneling x5  
  54  5:18  Zergling x2  
  54  5:19  Zergling x2  
  54  5:23  Zergling x2  
  54  5:28  Baneling x4  
  52  5:29  Zergling x4  
  52  5:33  Zergling x2  
  55  5:35  Baneling  
  55  5:40  Zergling x6  
  56  5:43  Zergling x6  
  56  5:46  Zergling x2  
  56  5:47  Zergling x2  
  55  5:51  Zergling x4  
  55  5:56  Zergling x2  
  58  6:02  Baneling x3  
  58  6:04  Zergling x4  
  58  6:08  Zergling x8  
  64  6:13  Zergling x2  
  64  6:14  Zergling x4  
  64  6:15  Baneling  
  66  6:19  Overlord  
  65  6:25  Zergling x4  
  61  6:33  Zergling x8  
  61  6:37  Baneling x3  
  64  6:46  Zergling x8  
  59  6:50  Baneling  
  59  6:59  Baneling  
  59  7:02  Zergling x2  
  59  7:03  Zergling x12  
  59  7:06  Zergling x4  
  56  7:17  Zergling x6  
Tags
 
Add a new tag
Caveats
  • Supply blocks, unpowered buildings, or Contaminate may cause inaccurate times.
  • Supply counts are checked every 10 seconds.